 Dungeon Crawl Stone Soup version 0.28-b1-70-g80dc712255 (webtiles) character file.

Game seed: 4093253468825139047

10 cbfl8 the Sneak (level 2, -2/27 HPs)
             Began as a Minotaur Delver on Feb 3, 2022.
             Was a Priest of Uskayaw.
             Slain by a gnoll (8 damage)
             ... on level 5 of the Dungeon.
             The game lasted 00:00:33 (223 turns).

cbfl8 the Sneak (Minotaur Delver)                    Turns: 223, Time: 00:00:34

Health: -2/27      AC:  3    Str: 16    XL:     2   Next: 10%
Magic:  1/1        EV: 11    Int:  7    God:    Uskayaw [***...]
Gold:   0          SH:  0    Dex: 11    Spells: 1/1 levels left

rFire   . . .      SeeInvis .   a - +0 hand axe
rCold   . . .      Faith    .   (no shield)
rNeg    . . .      Spirit   .   b - +0 leather armour
rPois   .          Reflect  .   (helmet restricted)
rElec   .          Harm     .   (no cloak)
rCorr   .          Rampage  .   (no gloves)
Will    .....                   (no boots)
Stlth   ++........              (no amulet)
HPRegen 0.09/turn               (no ring)
MPRegen 0.07/turn               (no ring)

@: no status effects
A: horns 2, retaliatory headbutt
a: Renounce Religion, Stomp, Line Pass


You were on level 5 of the Dungeon.
You worshipped Uskayaw.
Uskayaw was noncommittal.
You visited 2 branches of the dungeon, and saw 2 of its levels.

Inventory:

Hand Weapons
 a - a +0 hand axe (weapon)
Armour
 b - a +0 leather armour (worn)
Wands
 g - a wand of digging (3)
Scrolls
 c - a scroll of fog
 d - a scroll of magic mapping
 e - a scroll of fear
Potions
 f - a potion of haste


   Skills:
 + Level 3.7 Fighting
 + Level 2.5 Axes
 + Level 2.2 Dodging
 + Level 4.4 Stealth


You had one spell level left.
You didn't know any spells.
Your spell library was empty.

Dungeon Overview and Level Annotations

Branches:
Dungeon (5/15)             Temple (1/1) D:5

Altars:
Cheibriados
Elyvilon
Fedhas
Gozag
Kikubaaqudgha
Makhleb
Nemelex Xobeh
Sif Muna
Uskayaw
Vehumet
Wu Jian
Xom
The Shining One


Innate Abilities, Weirdness & Mutations

You have a pair of horns on your head.
You reflexively headbutt those who attack you in melee.


Message History

Found a silvery potion.
A gnoll comes into view. It is wielding a +0 whip.
Found 11 gold pieces.
Found a stone staircase leading up.
A gnoll comes into view. It is wielding a +0 club.
The gnoll shouts! x2
The gnoll throws a throwing net.
The throwing net completely misses you.
You see here a throwing net.
A gnoll comes into view. It is wielding a +0 club.
You barely miss the gnoll. You slash the gnoll! You headbutt the gnoll.
The gnoll is severely wounded.
The gnoll hits you but does no damage.
You can now stomp with the beat.
You hit the gnoll. Your headbutt misses the gnoll.
The gnoll is almost dead.
You closely miss the gnoll. The gnoll misses you. You furiously retaliate!
You headbutt the gnoll.
You kill the gnoll!
You have reached level 2!
You hit the gnoll but do no damage. You closely miss the gnoll.
The gnoll hits you with a +0 whip. The gnoll hits you with a +0 club.
The gnoll hits you with a +0 whip.
You hit the gnoll.
The gnoll is moderately wounded.
You hit the gnoll. The gnoll misses you. The gnoll barely misses you.
You can now pass through a line of other dancers.
You hit the gnoll.
The gnoll is severely wounded.
You hit the gnoll but do no damage. The gnoll hits you with a +0 club.
The gnoll hits you with a +0 whip.
You hit the gnoll.
The gnoll is almost dead.
You hit the gnoll. The gnoll hits you with a +0 club.
* * * LOW HITPOINT WARNING * * *
The gnoll completely misses you.
Uskayaw will force your foes to helplessly watch your dance.
Uskayaw prepares the audience for your solo!
Found 17 sling bullets.
The gnoll is no longer paralysed. x2
The gnoll hits you with a +0 club!
You die...

#............#.#
.......#...#.#.# .##
#>..#.#..#.. ...
#....>...#.# ..#
#...#.#..#.# ...#
#..#...#.#.####..$#
#........#..g.....#
#.#.#.#...(..g....#.
#.#.#.#.....@.!..<..
#.#.#.#.##..........
#)#.#.#.............
#...........#.
#...........#
#...........#
#...........#
#.....(.....#


You could see 2 gnolls.

Vanquished Creatures
  A gnoll (D:5)
1 creature vanquished.

Notes
Turn   | Place    | Note
-------+----------+-------------------------------------------
     0 | D:5      | cbfl8 the Minotaur Delver began the quest for the Orb.
     0 | D:5      | Reached XP level 1. HP: 19/19 MP: 0/0
     6 | Temple   | Entered the Ecumenical Temple
   181 | Temple   | Became a worshipper of Uskayaw the Reveller
   217 | D:5      | Reached * piety under Uskayaw
   219 | D:5      | Reached XP level 2. HP: 27/27 MP: 1/1
   220 | D:5      | Reached ** piety under Uskayaw
   222 | D:5      | Reached *** piety under Uskayaw
   223 | D:5      | Slain by a gnoll

Illustrated notes

Levels and vault maps discovered:
D:5:      layout_basic, mainiacjoe_overflow_six_doors_small,
          mainiacjoe_overflow_catwalk, minmay_temple_entry_crystal_x,
          serial_shops, shop, shop, nicolae_diamond_shop, nicolae_square_shop,
          nicolae_shop_temple_entry_statues_fountains
Temple:   dshaligram_water_room_temple

Action                   || total
-------------------------++-------
Melee: Hand axe          ||     7
       Headbutt          ||     1
Armor: Leather armour    ||     1
Dodge: Dodged            ||     5
